AoeStats
← guarda

Team Islands

503287948Analyzed
3v3 RM · 2mo ago on Aug 31, 2026· 75m 43s· 6 players
Game mode
Random Map
Map size
Large (8 player)
Population
200
Speed
Normal
Resources
Standard
Victory
Conquest
Starting age
Dark Age
Ending age
Imperial Age
RankedLock teamsTeams togetherTeam positionsShared explorationLock speedFull tech treeHidden civsTurbo modeCheats
Victory
Defeat
🇬🇧 Sicilians · United Kingdom
1243
+12
🇨🇱 Saracens · Chile
1235
+13
🇨🇳 Bengalis · China
1109
+19
vs
🇦🇷 Koreans · Argentina
1198
-16
🇦🇷 Vikings · Argentina
1174
-15
🇦🇷 Jurchens · Argentina
1124
-13
guarda
12:23 Feudal Age
10:40 Loom
16:32 Castle Age
14:55 Fishing Lines
15:22 Town Watch
16:51 Gold Mining
16:48 Double-Bit Axe
22:01 Wheelbarrow
22:30 Clinker Construction
24:04 Bow Saw
24:40 Gold Shaft Mining
24:26 Gillnets
25:11 Stone Mining
26:26 Fletching
28:22 Careening
29:36 Bodkin Arrow
31:22 Medium Warships
36:49 Horse Collar
41:51 Heavy Plow
46:23 Imperial Age
46:36 Hand Cart
47:02 Ballistics
46:27 Treadmill Crane
47:47 Carvel Hull
48:44 Chemistry
47:38 Elite Turtle Ship
48:44 Bracer
49:19 Conscription
51:26 Dry Dock
62:27 Two-Man Saw
72:21 Caravan
72:52 Coinage
T@n0 Loc0-!
5:50 Loom
13:13 Feudal Age
14:35 Double-Bit Axe
16:58 Castle Age
14:55 Fishing Lines
15:21 Gold Mining
18:07 Medium Warships
18:25 Gillnets
19:08 Gillnets
20:09 Town Watch
20:52 Demolition Ship
23:01 Siphons
23:08 Clinker Construction
32:14 Imperial Age
33:24 Heavy Warships
33:30 Heavy Warships
34:30 Wheelbarrow
34:24 Ballistics
35:32 Fletching
40:12 Scale Barding Armor
40:17 Forging
40:03 Bodkin Arrow
44:09 Chain Barding Armor
44:24 Iron Casting
47:33 Conscription
49:16 Plate Barding Armor
52:31 Chemistry
53:22 Blast Furnace
53:03 Hoardings
54:59 Elite Iron Pagoda
60:25 Caravan
66:06 Bow Saw
68:35 Thunderclap Bombs
68:33 Fortified Bastions
68:36 Bracer
71:52 Horse Collar
Deski :)
5:06 Loom
11:35 Feudal Age
12:20 Double-Bit Axe
13:21 Gold Mining
17:35 Castle Age
16:14 Fletching
17:10 Fishing Lines
22:57 Gambesons
22:58 Arson
23:22 Man-at-Arms
27:33 Long Swordsman
28:13 Squires
33:14 Padded Archer Armor
33:10 Bodkin Arrow
33:29 Forging
36:36 Iron Casting
36:01 Scale Mail Armor
39:11 Town Watch
41:32 Bow Saw
44:05 Chieftains
44:25 Horse Collar
45:36 Masonry
45:28 Heavy Plow
45:45 Chain Mail Armor
48:44 Imperial Age
47:30 Gold Shaft Mining
48:56 Elite Longship
50:03 Bogsveigar
50:10 Elite Berserk
52:25 Blast Furnace
51:56 Plate Mail Armor
53:03 Two-Man Saw
52:44 Conscription
55:19 Crop Rotation
55:17 Town Patrol
62:34 Bogsveigar
62:54 Clinker Construction
62:57 Careening
62:58 Siege Engineers
73:55 Ballistics
74:01 Siphons
YuriBluestar
10:48 Feudal Age
12:05 Double-Bit Axe
14:24 Fletching
19:01 Castle Age
17:03 Fishing Lines
19:38 Bodkin Arrow
20:00 Medium Warships
21:47 Bow Saw
25:42 Ballistics
26:00 Gold Mining
31:19 Wheelbarrow
35:40 Imperial Age
33:19 Gillnets
33:49 Town Watch
34:30 Loom
36:49 Heavy Warships
37:27 Chemistry
36:50 Bracer
38:01 Elite Cannon Galleon
39:30 Gold Shaft Mining
40:27 Two-Man Saw
46:03 Conscription
46:57 Hand Cart
47:46 Husbandry
47:57 Bloodlines
48:11 Town Patrol
51:40 Stone Mining
51:49 Elite Ratha (Ranged)
53:06 Padded Archer Armor
53:28 Paiks
54:39 Mahayana
55:33 Shipwright
58:15 Masonry
58:11 Siege Engineers
62:11 Architecture
62:17 Coinage
61:57 Guilds
73:10 Scale Mail Armor
73:20 Forging
73:25 Leather Archer Armor
73:44 Pikeman
74:26 Squires
74:57 Halberdier
76:01 Chain Mail Armor
76:21 Iron Casting
75:22 Halberdier
QNA | JadoS
11:49 Feudal Age
15:26 Castle Age
13:55 Double-Bit Axe
14:30 Gold Mining
16:12 Fletching
16:38 Medium Warships
19:19 Bodkin Arrow
23:33 Loom
33:01 Horse Collar
34:08 Heavy Plow
36:14 Town Watch
37:05 Wheelbarrow
37:20 Bow Saw
39:30 Ballistics
44:26 Imperial Age
41:52 Stone Mining
44:11 Scale Barding Armor
44:07 Padded Archer Armor
44:18 Forging
45:31 Conscription
44:33 Elite Mameluke
46:02 Chain Barding Armor
46:19 Iron Casting
45:45 Bracer
45:49 Caravan
46:36 Hand Cart
48:10 Bloodlines
48:01 Husbandry
47:27 Elite Mameluke
49:32 Plate Barding Armor
51:42 Blast Furnace
56:25 Heavy Warships
58:29 Demolition Ship
60:29 Chemistry
59:35 Siege Engineers
59:40 Masonry
63:26 Elite Skirmisher
64:12 Thumb Ring
67:08 Counterweights
67:59 Light Cavalry
69:39 Town Patrol
69:32 Heavy Camel Rider
72:14 Hussar
74:21 Padded Archer Armor
74:21 Scale Mail Armor
plaster_prince
2:52 Loom
12:35 Feudal Age
13:03 Double-Bit Axe
14:25 Stone Mining
17:50 Castle Age
16:42 Fishing Lines
17:05 Gold Mining
17:30 Scale Mail Armor
17:21 Fletching
19:12 Bodkin Arrow
19:49 Horse Collar
20:47 Ballistics
21:12 Town Watch
23:21 Forging
26:10 Masonry
25:57 Murder Holes
26:34 Squires
26:19 Arson
28:12 Heavy Plow
36:58 Chain Mail Armor
37:20 Iron Casting
40:10 Pikeman
43:51 Gold Shaft Mining
44:12 Stone Shaft Mining
46:16 Imperial Age
45:39 Bow Saw
46:52 Wheelbarrow
48:55 Chemistry
47:41 Arrowslits
48:30 Plate Mail Armor
49:10 Blast Furnace
48:11 Bracer
48:17 Bracer
49:09 Hand Cart
50:53 Elite Serjeant
53:07 Halberdier
55:34 Hoardings
55:21 Conscription
57:06 Scale Barding Armor
58:32 Crop Rotation
58:29 Chain Barding Armor
58:45 Caravan
58:28 Cavalier
59:08 Husbandry
62:45 Bloodlines
62:36 Husbandry
63:43 Plate Barding Armor
63:30 Hauberk
75:33 Light Cavalry
Connection lost

Rejoining the realm…

Still unreachable

The connection could not be restored.

Session expired

The server has moved on; the page needs a fresh start.